 Dungeon Crawl Stone Soup version 0.30-a0-610-gb513c0a51f (webtiles) character file.

Game seed: 5099377993343914011

186676 Conn the Eclecticist (level 18, -11/153 HPs)
             Began as an Octopode Fire Elementalist on Jan 8, 2023.
             Was an Elder of Sif Muna.
             Mangled by an earth elemental (16 damage)
             ... summoned by a deep elf elementalist
             ... on level 3 of the Elven Halls.
             The game lasted 03:01:31 (40860 turns).

Conn the Eclecticist (Octopode Fire Elementalist)  Turns: 40860, Time: 03:01:32

Health: -11/153    AC: 41    Str:  8    XL:     18   Next: 5%
Magic:  4/38       EV:  2    Int: 25    God:    Sif Muna [****..]
Gold:   764        SH: 12    Dex: 13    Spells: 5/49 levels left

rFire   + + .      SeeInvis .    a - staff of fire
rCold   . . .      Faith    .    p - +3 kite shield {reflect}
rNeg    + + +      Spirit   .    (helmet currently unavailable)
rPois   +          Reflect  +    T - amulet of the Four Winds {rN+ Will+++ Clar}
rElec   +          Harm     .    n - +4 ring of protection
rCorr   +          Rampage  .    B - ring of poison resistance
Will    ++++.      Clarity  +    s - ring of ice
Stlth   +++        NoTele   +    N - +4 ring of protection
HPRegen 0.45/turn                I - ring of resist corrosion
MPRegen 0.26/turn                i - +4 ring of protection
                                 Y - ring "Vycinlergh" {rElec rF+ rN++ Int-2 Slay+4}
                                 d - ring "Ciysi" {Fire Int+3}

@: tree-form, very slightly contaminated
A: stationary, stasis, torment immunity, boosted hp, almost no armour,
(amphibious), 8 rings, (camouflage 1), (gelatinous body 1), (nimble swimmer 1),
(tentacles)
}: 1/15 runes: decaying
a: Renounce Religion, Channel Magic, Forget Spell, Divine Exegesis


You were on level 3 of the Elven Halls.
You worshipped Sif Muna.
Sif Muna was greatly pleased with you.
You were a tree.
You visited 6 branches of the dungeon, and saw 26 of its levels.
You also visited: Bailey.

You collected 4072 gold pieces.
You spent 3308 gold pieces at shops.

Inventory:

Missiles
 t - a throwing net
 D - 7 curare-tipped darts
 H - 3 boomerangs of dispersal (quivered)
Armour
 o - the +2 hat "Seschek" (melded) {rElec Will+ Str-5}
   (You acquired it in a bailey)

   Str:       It affects your strength (-5).
   rElec:     It insulates you from electricity.
   Will:      It increases your willpower.
 p - a +3 kite shield of reflection (worn)
 F - an orb of energy
Magical Staves
 a - a staff of fire (weapon)
 r - a staff of cold
Jewellery
 d - the ring "Ciysi" (on tentacle) {Fire Int+3}
   (You found it on level 5 of the Lair of Beasts)

   [ring of fire]

   It enhances your fire magic.
   Int:       It affects your intelligence (+3).
   rF:        It protects you from fire.
   rC:        It makes you vulnerable to cold.
 e - a +6 ring of intelligence
 f - the brooch of Shielding {Spirit SH+8}
   (You found it on level 1 of the Swamp)

   [amulet of guardian spirit]

   It causes incoming damage to be divided between your reserves of health and
   magic.
   SH:        It affects your SH (+8).
 i - a +4 ring of protection (on tentacle)
 l - a ring of willpower
 m - a +6 ring of intelligence
 n - a +4 ring of protection (left branch)
 s - a ring of ice (on tentacle)
 u - a ring of ice
 B - a ring of poison resistance (right branch)
 I - a ring of resist corrosion (on tentacle)
 N - a +4 ring of protection (on tentacle)
 Q - an amulet of guardian spirit
 T - the amulet of the Four Winds (around neck) {rN+ Will+++ Clar}
   (You took it off a deep elf elementalist on level 3 of the Elven Halls)

   [amulet of nothing]

   rN:        It protects you from negative energy.
   Clar:      It protects you against confusion.
   Will:      It greatly increases your willpower.
 Y - the ring "Vycinlergh" (on tentacle) {rElec rF+ rN++ Int-2 Slay+4}
   (You bought it in a shop on level 2 of the Orcish Mines)

   [ring of slaying]

   Int:       It affects your intelligence (-2).
   Slay:      It affects your accuracy & damage with ranged weapons and melee
   (+4).
   rF:        It protects you from fire.
   rElec:     It insulates you from electricity.
   rN:        It greatly protects you from negative energy.
Wands
 z - a wand of quicksilver (1)
 C - a wand of digging (6)
 E - a wand of polymorph (9)
 J - a wand of mindburst (5)
 O - a wand of roots (22)
 R - a wand of charming (19)
Scrolls
 c - 4 scrolls of teleportation
 j - 3 scrolls of fog
 k - 4 scrolls of poison
 v - 2 scrolls of silence
 w - a scroll of brand weapon
 L - 6 scrolls of magic mapping
 M - a scroll of blinking
 S - a scroll of enchant weapon
 U - 2 scrolls of torment
 X - 9 scrolls of identify
Potions
 b - 2 potions of cancellation
 g - a potion of brilliance
 h - 12 potions of attraction
 q - 2 potions of lignification
 x - a potion of ambrosia
 y - a potion of magic
 A - 7 potions of curing
 K - 5 potions of might
 V - a potion of haste
Miscellaneous
 G - a condenser vane
 P - a phantom mirror (inert)


   Skills:
 + Level 2.6 Fighting
 + Level 1.4 Short Blades
 + Level 0.1 Staves
 + Level 5.0 Dodging
 + Level 6.6 Stealth
 * Level 5.6 Shields
 + Level 16.4 Spellcasting
 * Level 11.5 Conjurations
 + Level 4.7 Hexes
 + Level 3.9 Translocations
 + Level 6.8 Transmutations
 + Level 13.9 Fire Magic
 + Level 4.0 Ice Magic
 + Level 7.5 Air Magic
 + Level 6.0 Earth Magic
 + Level 10.0 Invocations
 + Level 10.1 Evocations


You had 5 spell levels left.
You knew the following spells:

 Your Spells              Type           Power      Damage    Failure   Level
a - Foxfire               Conj/Fire      100%       2x1d9     1%          1
b - Starburst             Conj/Fire      56%        6d15      6%          6
c - Inner Flame           Hex/Fire       100%       N/A       1%          3
d - Flame Wave            Conj/Fire      100%       2d21      1%          4
e - Scorch                Fire           100%       2d10      1%          2
f - Petrify               Tmut/Erth      51%        N/A       4%          4
g - Irradiate             Conj/Tmut      30%        3d21      4%          5
h - Arcjolt               Conj/Air       30%        1d40      4%          5
i - Fireball              Conj/Fire      56%        3d22      1%          5
j - Blink                 Tloc           80%        N/A       2%          2
k - Airstrike             Air            27%        2d(4-20)  3%          4
l - Hailstorm             Conj/Ice       73%        3d15      1%          3

Your spell library contained the following spells:

 Spells                   Type           Power      Damage    Failure   Level
 Beastly Appendage        Tmut           100%       N/A       1%          1
 Freeze                   Ice            100%       1d10      1%          1
 Shock                    Conj/Air       100%       1d9       1%          1
 Slow                     Hex            100%       N/A       1%          1
 Sting                    Tmut/Pois      100%       1d8       1%          1
 Momentum Strike          Conj/Tloc      100%       3d10      1%          2
 Passwall                 Tmut/Erth      42%        N/A       1%          2
 Static Discharge         Conj/Air       100%       2-7/arc   1%          2
 Wereblood                Tmut           53%        N/A       1%          2
 Ignite Poison            Fire/Tmut/Pois 90%        N/A       1%          3
 Kindle Blastsparks       Fire/Tloc/Air  100%       2d18      1%          3
 Stone Arrow              Conj/Erth      100%       3d13      1%          3
 Swiftness                Air            55%        N/A       1%          3
 Vhi's Electric Charge    Tloc/Air       98%        N/A       1%          3
 Sticky Flame             Conj/Fire      100%       2d11      1%          4
 Iskenderun's Battlesphe  Conj           67%        2d12      1%          5
 Poisonous Vapours        Pois/Air       78%        N/A       2%          2
 Cigotuvi's Dreadful Rot  Necr/Pois/Air  66%        N/A       3%          2
 Confusing Touch          Hex            44%        N/A       3%          3
 Portal Projectile        Hex/Tloc       84%        N/A       3%          3
 Tukima's Dance           Hex            44%        N/A       3%          3
 Frozen Ramparts          Ice            100%       1d16      4%          3
 Lesser Beckoning         Tloc           80%        N/A       4%          3
 Spider Form              Tmut/Pois      37%        N/A       5%          3
 Summon Small Mammal      Summ           80%        N/A       7%          1
 Leda's Liquefaction      Hex/Erth       23%        N/A       8%          4
 Sublimation of Blood     Necr           20%        N/A       11%         2
 Blade Hands              Tmut           26%        N/A       12%         5
 Summon Lightning Spire   Summ/Air       39%        N/A       16%         4
 Silence                  Hex/Air        25%        N/A       16%         5
 Lee's Rapid Deconstruct  Erth           25%        3d14*     17%         5
 Vampiric Draining        Necr           20%        2d7       22%         3
 Summon Ice Beast         Ice/Summ       45%        N/A       30%         4
 Borgnjor's Vile Clutch   Necr/Erth      17%        N/A       50%         5
 Animate Dead             Necr           20%        N/A       56%         4
 Olgreb's Toxic Radiance  Pois           20%        N/A       56%         4
 Summon Mana Viper        Hex/Summ       32%        N/A       58%         5
 Iron Shot                Conj/Erth      29%        9d6       30%         6
 Statue Form              Tmut/Erth      34%        N/A       61%         6
 Ignition                 Fire           58%        3d16      83%         8
 Spellforged Servitor     Conj/Summ      24%        N/A       99%         7
 Death Channel            Necr           10%        N/A       100%        6
 Monstrous Menagerie      Summ           10%        N/A       100%        7
 Dragon's Call            Summ           10%        N/A       100%        9
 Fire Storm               Conj/Fire      56%        8d14      100%        9


Dungeon Overview and Level Annotations

Branches:
Dungeon (11/15)            Temple (1/1) D:4            Lair (5/5) D:11
  Swamp (4/4) Lair:3       Spider (0/4) Lair:3        Slime (0/5) Lair:4
    Orc (2/2) D:9             Elf (3/3) Orc:2        Bailey (visited)

Altars:
Ashenzari
Cheibriados
Dithmenos
Elyvilon
Fedhas
Gozag
Hepliaklqana
Kikubaaqudgha
Makhleb
Nemelex Xobeh
Okawaru
Qazlal
Ru
Sif Muna
Trog
Uskayaw
Vehumet
Wu Jian
Xom
Yredelemnul
Zin
The Shining One
Jiyva

Shops:
D:2 [   D:9 ?   D:10 =   Orc:2 **=[   Elf:3 (

Portals:
Pandemonium: Orc:2

Annotations:
Lair:4 2 transporters, Imiw's ghost, journeyman TeAE
Elf:3 Zenata


Innate Abilities, Weirdness & Mutations

You are a tree.
Your roots penetrate the ground, keeping you stationary.
You cannot be teleported.
You are immune to unholy pain and torment.
Your maximum health is greatly increased.
You cannot wear most types of armour.
((You are amphibious.))
You can wear up to eight rings at the same time.
((Your skin changes colour to match your surroundings (Stealth+).))
((Your rubbery body absorbs attacks. (AC +1, EV +1)))
((You are camouflaged when in or above water. (Stealth+)))
((You have tentacles for arms and can constrict up to eight enemies at once.))


Message History

Unknown command.
Unknown command.
Unknown command.
Press: ? - help, v - describe, . - travel
Here: a deep elf elementalist, wielding a +2 quarterstaff of speed and wearing a +0 leather armour (lightly wounded, fast, repelling missiles)
The floor.
Unknown command.
Press: ? - help, v - describe, . - travel
Here: a deep elf elementalist, wielding a +2 quarterstaff of speed and wearing a +0 leather armour (lightly wounded, fast, repelling missiles)
The floor.
Unknown command.
Okay, then.
Unknown command.
Unknown command.
Okay, then.
Unknown command.
Unknown command.
Okay, then.
Unknown command.
Unknown command.
Okay, then.
Unknown command.
Press: ? - help, v - describe, . - travel
Here: an earth elemental (summoned)
The floor.
Unknown command.
Unknown command.
Unknown command.
Okay, then.
Aiming: Fastroot
Press: ? - help, Shift-Dir - straight line, f - deep elf elementalist
Aim: a deep elf elementalist, wielding a +2 quarterstaff of speed and wearing a +0 leather armour (lightly wounded, fast, repelling missiles)
The roots erupt in riotous growth!
Roots grab the deep elf elementalist.
Roots grab the earth elemental. x3
The grasping roots constrict the deep elf elementalist.
The grasping roots constrict the earth elemental, but do no damage. x2
The grasping roots constrict the earth elemental.
The deep elf elementalist hits you but does no damage.
You block the earth elemental's attack. The earth elemental hits you!
You die...

#.............# ##...
#######.............#
##'#..
.....####)........###
##.#### ......##'##.....###
### ##.## ......)).####.###
#.###.## .......)...#######
##.##.## ...........#
#.#.####...'##
...####''######E.E.E....##
...#.......##..E♣EeE.....#
...##~)#~⌠~.###Ee).*E....##
...##..≈..#≈#
#.###)E.....##
...#.#~~[|.## ## #.....eE.#
...###≈#.### ######.)##
...####### #e## .....#
#..## ####'# ##.e.### #.#
##e...#


You could see a deep elf death mage, a deep elf elementalist (fast, repels
missiles, rooted), 9 earth elementals and a lost soul (summoned).

Vanquished Creatures
  the Lernaean hydra (Swamp:4)
  A tentacled monstrosity (Swamp:2)
  A deep elf blademaster (Elf:3)
  3 deep elf master archers (Elf:3)
  Gastronok (Lair:2)
  Donald (Swamp:2)
  The ghost of nujazz the Thaumaturge, an adept OpAE of Gozag (Elf:3)
  A thorn hunter (Swamp:1)
  4 deep elf sorcerers (Elf:3)
  An orc warlord (Orc:2)
  3 deep elf elementalists (Elf:3)
  4 eleionomae
  The ghost of capka3m the Destroyer, a journeyman DgCj (Lair:5)
  3 deep elf annihilators
  4 bunyips
  4 deep elf death magi
  Snorg (D:11)
  Fannar (Orc:1)
  13 hydras
  2 ghost crabs
  A catoblepas (Lair:4)
  2 demonspawn (Orc:2)
  22 dancing weapons
  A boulder beetle (D:11)
  2 two-headed ogres
  9 alligators
  7 orc high priests (Orc:2)
  A spriggan berserker (Swamp:4)
  A soul eater (Orc:2)
  2 death yaks (Lair:2)
  Sonja (Lair:2)
  Nergalle (Lair:3)
  14 deep elf knights
  5 large abominations (D:9)
  3 goliath frogs
  5 bog bodies
  6 deep elf archers
  2 spriggan druids
  A wizard (D:9)
  Pikel (D:7)
  11 swamp dragons
  17 deep elf pyromancers
  A lindwurm (Lair:2)
  8 orc sorcerers
  16 deep elf zephyrmancers
  6 orc knights
  2 manticores
  3 cyclopes
  A will-o-the-wisp (Swamp:3)
  Joseph (D:7)
  19 elephants
  2 black mambas
  An orange demon (Orc:2)
  3 unseen horrors
  9 cane toads
  A torpor snail (Lair:2)
  Maggie (D:8)
  A kobold demonologist (D:11)
  3 rime drakes
  A yaktaur (D:11)
  9 komodo dragons
  6 polar bears
  4 tyrant leeches
  18 hornets
  3 hellwings (Orc:2)
  8 trolls
  2 shadows
  2 air elementals
  23 spriggans
  4 wyverns
  3 wraiths
  37 yaks
  9 fire bats
  A fire elemental (Lair:3)
  A water elemental (Elf:2)
  4 basilisks
  5 vampire mosquitoes
  A steam dragon (D:6)
  A death yak simulacrum (Lair:5)
  17 swamp worms
  3 wargs (Orc:2)
  2 hydra simulacra (Lair:5)
  2 acid dragons
  10 water moccasins
  46 orc warriors
  6 black bears
  10 swamp drakes (Swamp:4)
  A black mamba simulacrum (Lair:5)
  4 boggarts (Lair:5)
  6 centaurs
  18 wolves
  6 ogres
  A phantom (D:4)
  A lemure (D:7)
  2 kobold brigands
  11 bullfrogs
  An earth elemental (Elf:3)
  A necrophage (D:6)
  2 gnoll sergeants
  4 scorpions
  4 wights
  7 small abominations (D:9)
  18 killer bees
  2 electric eels
  2 vampire bats (Lair:2)
  6 howler monkeys
  6 crimson imps (D:11)
  A torpor snail simulacrum (Lair:5)
  2 lava snakes (Lair:3)
  22 orc priests
  4 hounds
  Jessica (D:2)
  Terence (D:2)
  6 iguanas
  25 orc wizards
  5 hell rats (Lair:3)
  14 gnolls
  7 adders
  4 shadow imps
  5 white imps
  2 worms
  4 dart slugs
  93 orcs
  11 bats
  4 endoplasms
  2 giant cockroaches
  19 goblins
  13 hobgoblins
  5 jackals
  4 quokkas
  7 ball pythons
  9 frilled lizards
  18 kobolds
  5 rats
  A bush (Lair:3)
879 creatures vanquished.

Vanquished Creatures (collateral kills)
  A two-headed ogre (D:11)
  3 swamp dragons (Swamp:4)
  19 foxfires
23 creatures vanquished.

Vanquished Creatures (others)
  Nikola (Swamp:3)
  An alligator (Swamp:3)
  A deep elf pyromancer (Elf:1)
  2068 foxfires
  33 fungi
  87 plants
2191 creatures vanquished.

Grand Total: 3093 creatures vanquished

Notes
Turn   | Place    | Note
-------+----------+-------------------------------------------
     0 | D:1      | Conn the Octopode Fire Elementalist began the quest for the
                  | Orb.
     0 | D:1      | Reached XP level 1. HP: 11/11 MP: 3/3
   201 | D:1      | Reached XP level 2. HP: 17/17 MP: 1/5
   404 | D:1      | You fall into a shaft and drop 1 floor!
   590 | D:1      | Reached XP level 3. HP: 21/21 MP: 3/6
   593 | D:1      | Learned a level 2 spell: Scorch
   597 | D:1      | Learned a level 3 spell: Kindle Blastsparks
  1066 | D:2      | Noticed Terence
  1120 | D:2      | Found Vuorur's Antique Armour Emporium.
  1230 | D:2      | Killed Terence
  1231 | D:2      | Reached XP level 4. HP: 20/27 MP: 0/7
  1624 | D:2      | Noticed Jessica
  1636 | D:2      | Killed Jessica
  2092 | D:3      | Reached XP level 5. HP: 31/31 MP: 8/8
  2198 | D:3      | Found a shadowy altar of Dithmenos.
  2217 | D:3      | Found a hazy altar of Hepliaklqana.
  2319 | D:3      | Noticed an ogre
  2325 | D:3      | Killed an ogre
  2326 | D:3      | Reached skill level 3 in Spellcasting
  2731 | D:3      | Reached XP level 6. HP: 36/36 MP: 2/10
  2868 | D:3      | Found a faded altar of an unknown god.
  3070 | D:4      | Found a blossoming altar of Fedhas.
  3192 | D:4      | Found a glowing golden altar of the Shining One.
  3234 | D:4      | Reached skill level 1 in Short Blades
  3331 | D:4      | Found a staircase to the Ecumenical Temple.
  3344 | Temple   | Entered the Ecumenical Temple
  3349 | Temple   | Became a worshipper of Sif Muna the Loreminder
  3399 | D:5      | Entered Level 5 of the Dungeon
  4180 | D:4      | Learned a level 3 spell: Inner Flame
  4198 | D:5      | Noticed a black bear
  4408 | D:5      | Killed a black bear
  4409 | D:5      | Reached skill level 4 in Spellcasting
  4409 | D:5      | Reached XP level 7. HP: 39/42 MP: 3/13
  4491 | D:5      | Reached skill level 5 in Fire Magic
  4741 | D:5      | Found a glowing silver altar of Zin.
  4744 | D:5      | Found a sacrificial altar of Ru.
  4939 | D:6      | Noticed a shadow
  4946 | D:6      | Killed a shadow
  4947 | D:6      | Reached skill level 5 in Spellcasting
  4947 | D:6      | Reached XP level 8. HP: 47/47 MP: 5/15
  4951 | D:6      | Reached * piety under Sif Muna
  4952 | D:6      | Reached skill level 5 in Stealth
  5202 | D:6      | Noticed a cyclops
  5225 | D:6      | Killed a cyclops
  5226 | D:6      | Reached skill level 1 in Fighting
  5226 | D:6      | Reached skill level 6 in Spellcasting
  5226 | D:6      | Reached XP level 9. HP: 53/53 MP: 4/18
  5728 | D:6      | Reached skill level 5 in Conjurations
  6045 | D:6      | Reached skill level 7 in Spellcasting
  6227 | D:7      | Reached skill level 1 in Hexes
  6279 | D:7      | Noticed a hornet
  6281 | D:7      | Noticed Pikel
  6289 | D:7      | Found a flagged portal.
  6299 | Bailey   | Entered a bailey
  6381 | Bailey   | Learned a level 4 spell: Flame Wave
  6386 | Bailey   | Learned a level 4 spell: Petrify
  6400 | Bailey   | Reached ** piety under Sif Muna
  6401 | Bailey   | Reached skill level 1 in Invocations
  6859 | Bailey   | Reached skill level 1 in Transmutations
  6925 | Bailey   | Acquired the +2 hat "Seschek" {rElec Will+ Str-5}
  6948 | Bailey   | Noticed an orc knight
  6996 | Bailey   | Killed an orc knight
  6997 | Bailey   | Reached skill level 1 in Earth Magic
  7234 | Bailey   | Reached XP level 10. HP: 58/58 MP: 7/21
  8075 | D:7      | Reached skill level 8 in Spellcasting
  8183 | D:7      | Found an ornate altar of the Wu Jian Council.
  8381 | D:7      | Noticed Joseph
  8391 | D:7      | Killed Joseph
  8585 | D:7      | Killed Pikel
  8654 | D:7      | Reached *** piety under Sif Muna
  9066 | D:8      | Noticed Maggie
  9077 | D:8      | Learned a level 5 spell: Irradiate
  9094 | D:8      | Killed Maggie
  9393 | D:8      | Noticed a cyclops
  9404 | D:8      | Killed a cyclops
  9428 | D:8      | Noticed a manticore
  9502 | D:8      | Killed a manticore
  9503 | D:8      | Reached skill level 1 in Evocations
  9726 | D:8      | Found a basalt altar of Yredelemnul.
 10099 | D:9      | Noticed a two-headed ogre
 10106 | D:9      | Killed a two-headed ogre
 10107 | D:9      | Reached XP level 11. HP: 63/63 MP: 13/23
 10636 | D:9      | Reached skill level 9 in Spellcasting
 10644 | D:9      | Reached **** piety under Sif Muna
 10807 | D:9      | Found a staircase to the Orcish Mines.
 11060 | D:9      | Noticed a wizard
 11064 | D:9      | Killed a wizard
 11065 | D:9      | Reached skill level 5 in Invocations
 11102 | D:9      | Noticed a large abomination
 11323 | D:9      | Found Bickamp's Magic Scroll Shop.
 11329 | D:9      | Bought a scroll of identify for 22 gold pieces
 11329 | D:9      | Bought a scroll of teleportation for 33 gold pieces
 11329 | D:9      | Bought 2 scrolls of fear for 88 gold pieces
 11360 | D:9      | Killed a large abomination
 11607 | D:10     | Entered Level 10 of the Dungeon
 12070 | D:9      | Found a sparkling altar of Nemelex Xobeh.
 12071 | D:9      | Found a shimmering altar of Xom.
 12073 | D:9      | Found a hide-covered altar of Uskayaw.
 12645 | D:10     | Reached skill level 5 in Transmutations
 12743 | D:10     | Found Reluhicu's Jewellery Emporium.
 12751 | D:10     | Bought a ring of protection from fire for 350 gold pieces
 12877 | D:10     | Found a stormy altar of Qazlal.
 13272 | D:10     | Reached XP level 12. HP: 60/69 MP: 4/25
 13518 | D:10     | Noticed a two-headed ogre
 13525 | D:10     | Killed a two-headed ogre
 13817 | Orc:1    | Entered Level 1 of the Orcish Mines
 14270 | Orc:1    | Noticed Fannar
 14278 | Orc:1    | Killed Fannar
 14383 | Orc:1    | Reached ***** piety under Sif Muna
 14710 | Orc:1    | Received a gift from Sif Muna
 14718 | Orc:1    | Learned a level 5 spell: Iskenderun's Battlesphere
 14990 | Orc:2    | Entered Level 2 of the Orcish Mines
 15100 | Orc:2    | Found a staircase to the Elven Halls.
 15137 | Orc:1    | Noticed a soul eater
 15146 | Orc:2    | Reached skill level 10 in Fire Magic
 15338 | Orc:2    | Reached skill level 10 in Spellcasting
 15338 | Orc:2    | Reached skill level 5 in Earth Magic
 15457 | Orc:2    | Noticed an orc high priest
 15463 | Orc:2    | Noticed a sun demon
 15463 | Orc:2    | Noticed a sun demon
 15463 | Orc:2    | Killed an orc high priest
 15465 | Orc:2    | Noticed a soul eater
 15822 | Orc:2    | Noticed an orc warlord
 15985 | Orc:2    | Killed an orc warlord
 15986 | Orc:2    | Reached skill level 5 in Evocations
 16720 | Orc:2    | Found Atiupinu's General Store.
 16722 | Orc:2    | Found Restad's General Store.
 16950 | Orc:2    | Bought a ring of willpower for 375 gold pieces
 16950 | Orc:2    | Bought a potion of curing for 45 gold pieces
 16950 | Orc:2    | Bought 2 potions of lignification for 90 gold pieces
 16954 | Orc:2    | Bought a potion of heal wounds for 70 gold pieces
 16994 | Orc:2    | Noticed a demonspawn
 16995 | Orc:2    | Noticed an orc high priest
 17016 | Orc:2    | Killed a demonspawn
 17017 | Orc:2    | Reached XP level 13. HP: 60/74 MP: 12/27
 17022 | Orc:2    | Received a gift from Sif Muna
 17024 | Orc:2    | Got Sif Muna's Papyrus of Clouds and Ashes {god gift}
 17033 | Orc:2    | Learned a level 5 spell: Fireball
 18545 | Orc:2    | Reached skill level 11 in Spellcasting
 18721 | Orc:2    | Found Haxep's Antique Armour Shop.
 18721 | Orc:2    | Found a one-way gate leading to the halls of Pandemonium.
 18721 | Orc:2    | Found Maytif's Jewellery Boutique.
 19066 | D:11     | Noticed Snorg
 19072 | D:11     | Killed Snorg
 19496 | D:10     | Learned a level 6 spell: Starburst
 19500 | D:10     | Learned a level 3 spell: Vhi's Electric Charge
 19618 | D:11     | Reached skill level 1 in Ice Magic
 19819 | D:11     | Reached XP level 14. HP: 73/81 MP: 10/29
 19953 | D:11     | Found a staircase to the Lair.
 20242 | D:11     | Received a gift from Sif Muna
 20243 | D:11     | Got Zacamn's Anthology of the Birds and the Ground {god
                  | gift}
 20292 | D:11     | Reached skill level 1 in Air Magic
 20931 | Lair:1   | Entered Level 1 of the Lair of Beasts
 21750 | Lair:2   | Reached skill level 1 in Translocations
 21914 | Lair:2   | Noticed Gastronok
 21930 | Lair:2   | Killed Gastronok
 21941 | Lair:2   | Noticed Sonja
 21945 | Lair:2   | Killed Sonja
 23520 | Lair:3   | Found a hole to the Spider Nest.
 24293 | Lair:3   | Noticed Nergalle
 24304 | Lair:3   | Killed Nergalle
 24428 | Lair:3   | Learned a level 5 spell: Arcjolt
 24941 | Lair:3   | Identified the ring of the Fresh Pear {Fire rN+}
 25122 | Lair:3   | Found a staircase to the Swamp.
 25347 | Lair:4   | Reached skill level 12 in Spellcasting
 25468 | Lair:3   | Learned a level 2 spell: Blink
 25842 | Lair:4   | Found a transporter.
 25842 | Lair:4   | Noticed Imiw's ghost (journeyman TeAE)
 25869 | Lair:4   | Found a transporter.
 25895 | Lair:4   | Received a gift from Sif Muna
 25988 | Lair:4   | Found a viscous altar of Jiyva.
 25991 | Lair:4   | Found a staircase to the Slime Pits.
 26384 | Lair:4   | Acquired 779 gold pieces
 26593 | Orc:2    | Bought the ring "Vycinlergh" {rElec rF+ rN++ Int-2 Slay+4}
                  | for 1659 gold pieces
 27060 | Lair:5   | Entered Level 5 of the Lair of Beasts
 27075 | Lair:5   | Noticed capka3m's ghost (journeyman DgCj)
 27110 | Lair:5   | Reached XP level 15. HP: 77/86 MP: 25/31
 27174 | Lair:5   | Found a runed translucent gate.
 27174 | Lair:5   | Found a runed translucent gate.
 27175 | Lair:5   | Found a runed translucent gate.
 27782 | Lair:5   | Received a gift from Sif Muna
 27835 | Lair:5   | Reached skill level 13 in Spellcasting
 27982 | Lair:5   | Got Sif Muna's Volume of the Ground {god gift}
 28383 | Lair:5   | Killed capka3m's ghost
 28636 | Lair:5   | Got the ring "Ciysi" {Fire Int+3}
 28768 | Lair:5   | Reached skill level 5 in Air Magic
 29198 | Elf:1    | Entered Level 1 of the Elven Halls
 31929 | Swamp:1  | Entered Level 1 of the Swamp
 31931 | Swamp:1  | Found the brooch of Shielding {Spirit SH+8}
 31936 | Swamp:1  | Reached XP level 16. HP: 91/91 MP: 13/33
 32134 | Swamp:1  | Noticed a thorn hunter
 32156 | Swamp:1  | Killed a thorn hunter
 32371 | Swamp:1  | Received a gift from Sif Muna
 32372 | Swamp:1  | Reached skill level 14 in Spellcasting
 32623 | Swamp:1  | Got Xinloxt's Precepts of Incandescence {god gift}
 33173 | Orc:2    | Bought a +4 ring of protection for 576 gold pieces
 33606 | Swamp:2  | Reached skill level 1 in Shields
 34204 | Swamp:2  | Noticed a tentacled monstrosity
 34208 | Swamp:2  | Noticed Donald
 34458 | Swamp:2  | Killed a tentacled monstrosity
 34459 | Swamp:2  | Reached skill level 10 in Evocations
 34612 | Swamp:2  | Killed Donald
 34847 | Swamp:3  | Noticed Nikola
 35068 | Swamp:3  | Killed Nikola
 35328 | Swamp:3  | Learned a level 4 spell: Airstrike
 35653 | Swamp:4  | Entered Level 4 of the Swamp
 35656 | Swamp:4  | Received a gift from Sif Muna
 35657 | Swamp:4  | Got Sif Muna's Codex of the Assistive Fairies {god gift}
 35825 | Swamp:4  | Reached skill level 15 in Spellcasting
 36422 | Swamp:4  | Reached skill level 10 in Conjurations
 36797 | Swamp:4  | Reached XP level 17. HP: 80/97 MP: 0/36
 37025 | Swamp:4  | Learned a level 3 spell: Hailstorm
 37135 | Swamp:4  | Noticed the 27-headed Lernaean hydra
 37153 | Swamp:4  | Killed the 27-headed Lernaean hydra
 37593 | Swamp:4  | Got a decaying rune of Zot
 38219 | Elf:2    | Found a runed translucent gate.
 38220 | Elf:2    | Found a runed translucent gate.
 38220 | Elf:2    | Found a runed translucent gate.
 38680 | Elf:2    | Reached skill level 5 in Dodging
 38927 | Elf:2    | Reached skill level 16 in Spellcasting
 39320 | Elf:3    | Entered Level 3 of the Elven Halls
 39389 | Elf:3    | Found a large runed translucent door.
 39392 | Elf:3    | Found a large runed translucent door.
 39394 | Elf:3    | Noticed nujazz's ghost (adept OpAE)
 39405 | Elf:3    | Killed nujazz's ghost
 39709 | Elf:3    | Noticed Zenata
 40211 | Elf:3    | Reached skill level 5 in Shields
 40295 | Elf:3    | Found Jukoniul's Antique Weapon Emporium.
 40527 | Elf:3    | Noticed a deep elf master archer
 40681 | Elf:3    | Noticed a deep elf blademaster
 40687 | Elf:3    | Killed a deep elf blademaster
 40759 | Elf:3    | Identified the +5 ring mail of a bazaar {Harm rN++ MP-9
                  | Str+9}
 40759 | Elf:3    | Noticed a deep elf master archer
 40762 | Elf:3    | Killed a deep elf master archer
 40825 | Elf:3    | Noticed a deep elf master archer
 40850 | Elf:3    | Killed a deep elf master archer
 40851 | Elf:3    | Reached XP level 18. HP: 37/102 MP: 12/38
 40851 | Elf:3    | Identified the ring of the Ancients {rN+ Str+7 Int-5 Dex+6}
 40851 | Elf:3    | Noticed a deep elf master archer
 40857 | Elf:3    | Killed a deep elf master archer
 40858 | Elf:3    | Reached skill level 10 in Invocations
 40859 | Elf:3    | HP: 4/153 [earth elemental[a deep elf elementalist] (8)]
 40860 | Elf:3    | Mangled by an earth elemental

Illustrated notes

Levels and vault maps discovered:
D:1:      minmay_arrival_shattered_statue, layout_rooms, palyth_stone_intersect,
          minmay_small_reverse_x
D:2:      minmay_evil_eye, layout_basic, serial_shops,
          nicolae_shop_overgrown_old_shop, minmay_tromino_v4_c, uniq_jessica,
          uniq_terence
D:3:      cheibrodos_greedy_goblins, layout_rooms, lemuel_tele_altar,
          mainiacjoe_overflow_six_doors_small,
          shapermc_ecumenical_altar_notcrosses, serial_curves, eino_curves_04,
          eino_curves_03, eino_curves_03, minmay_misc_feat_alley
D:4:      layout_loops_cross, tso_metal_star, fedhas_ov_isle_minmay,
          minmay_temple_entry_ruins
D:5:      layout_rooms, nicolae_overflow_hidden_temple
D:6:      hangedman_cross_stitches, layout_gridville,
          chequers_serial_rivers_small_b
D:7:      layout_cave_pods, lemuel_doored_altar, enter_bailey_3,
          chequers_mini_garden, kennysheep_flooded_box, minmay_misc_feat_roman,
          uniq_pikel, uniq_joseph
D:8:      layout_basic, mainiacjoe_overflow_catwalk, kb_rosetta, uniq_maggie
D:9:      layout_loops_corners, minitemple, erik_orc_4, serial_shops,
          kennysheep_mini, laboratory
D:10:     layout_stronghold, nicolae_qazlal_scattered_showers, serial_shops,
          shop, mrwooster_statue_mirror
D:11:     cheibrodos_barr_body, layout_long_grid, lair_entry_dummy,
          gauntlet_entry_generic, kennysheep_nondescript,
          minmay_misc_feat_enclosed, minmay_nine_imps, uniq_snorg
Temple:   hellmonk_temple_micro_hex
Lair:1:   layout_gridlike, columned_hall_lemuel, serial_bayou_shore_b,
          infiniplex_staircase_pool
Lair:2:   nzn_winding_woodlands_three_and_one
          [nzn_winding_woodlands_5x15_concentric,
          nzn_winding_woodlands_5x15_river_crossing,
          nzn_winding_woodlands_5x15_twine,
          nzn_winding_woodlands_center_diamonds], layout_misc_corridors,
          chequers_serial_rivers_small_a, roderic_batcave, st_stairs_5,
          infiniplex_staircase_pool_2, uniq_sonja, uniq_gastronok
Lair:3:   layout_chaotic_city, minmay_swamp_entry_worms, dummy_spider_entry,
          serial_forest, infiniplex_forest_straight_2,
          infiniplex_forest_lined_1, infiniplex_forest_straight_5,
          infiniplex_forest_lined_4_way, infiniplex_forest_end_1,
          infiniplex_forest_clump_medium, infiniplex_forest_lined_room_2,
          infiniplex_forest_straight_3, infiniplex_forest_3_way,
          infiniplex_forest_clump_curved, uniq_nergalle
Lair:4:   layout_loops_ring, slime_entry_1, gammafunk_ghost_abyssal_escape
Lair:5:   minmay_lair_end_enchanted_forest, layout_concentric_octagons,
          gammafunk_ghost_icy
Swamp:1:  layout_falls_marsh, hangedman_swamp_ruin_wall
Swamp:2:  layout_basic_swamp, evilmike_swamp_ruin_wall, uniq_donald
Swamp:3:  layout_falls_marsh, evilmike_swamp_ruin_house_3, uniq_nikola
Swamp:4:  swamp_old_school, layout_basic_swamp, swamp_pool5,
          nicolae_swamp_orc_logging_accident
Orc:1:    layout_diamond_mine, uniq_fannar
Orc:2:    pf_orc_diabolical, layout_caves
Elf:1:    nicolae_elf_arrival_fired_up, layout_onion_city,
          minmay_elf_crystal_heptagon
Elf:2:    nicolae_elf_blades_crystal_corner, layout_gridlike,
          serial_co_window_serial, co_window_of_opportunity_a,
          co_window_corner_a, co_window_paths_a, co_window_of_opportunity_a,
          co_window_paths_a, co_window_broadway_b, co_window_2corner,
          co_window_unsneaky_path_e, co_window_broadway_a, glass_columns_c,
          glass_columns_a, glass_columns_a, glass_columns_a
Elf:3:    minmay_elf_hall_furrowed, layout_geoelf_diagonals,
          ebering_ghost_disaster_area, serial_shops, nicolae_shop_statue_plus,
          minivault_25_ag, uniq_zenata

Skill      XL: |  1  2  3  4  5  6  7  8  9 10 11 12 13 14 15 16 17 18 |
---------------+-------------------------------------------------------+-----
Stealth        | 3 4 5 6 |  6.6
Fire Magic     | 4 5 6 7 8 9 10 11 12 13 | 13.9
Spellcasting   | 3 4 5 6 7 8 9 10 11 12 13 15 16 | 16.4
Conjurations   | 2 3 4 5 6 7 8 9 10 11 | 11.5
Short Blades   | 1 |  1.4
Fighting       | 1 2 |  2.6
Hexes          | 2 3 4 |  4.7
Invocations    | 2 4 6 7 9 10 | 10.0
Transmutations | 2 4 5 6 |  6.8
Earth Magic    | 1 3 4 5 6 |  6.0
Evocations     | 1 3 5 7 8 9 10 | 10.1
Dodging        | 3 4 5 |  5.0
Ice Magic      | 1 4 |  4.0
Air Magic      | 4 6 7 |  7.5
Translocations | 3 |  3.9
Shields        | 2 5 |  5.6
Staves         | |  0.1

Action                   |  1- 3 |  4- 6 |  7- 9 | 10-12 | 13-15 | 16-18 || total
-------------------------+-------+-------+-------+-------+-------+-------++-------
Melee: Dagger            |     8 |       |       |       |       |       ||     8
       Constrict         |     3 |    10 |     4 |     5 |    18 |     1 ||    41
       Short sword       |     3 |    27 |     8 |       |       |       ||    38
       Punch             |       |     1 |       |     1 |     7 |       ||     9
       Tentacles         |       |     5 |     5 |     6 |    36 |     5 ||    57
       Staff             |       |       |     3 |    21 |   119 |    11 ||   154
Throw: Boomerang         |       |       |       |       |     1 |     3 ||     4
 Cast: Foxfire           |    62 |   121 |   155 |   391 |   384 |    77 ||  1190
       Scorch            |       |     9 |    28 |   100 |   177 |    51 ||   365
       Inner Flame       |       |       |    20 |    83 |    46 |    20 ||   169
       Flame Wave        |       |       |       |    34 |    86 |    26 ||   146
       Petrify           |       |       |       |     3 |     6 |     1 ||    10
       Kindle Blastspark |       |       |       |     1 |       |       ||     1
       Iskenderun's Batt |       |       |       |     2 |     1 |       ||     3
       Irradiate         |       |       |       |       |    11 |     2 ||    13
       Starburst         |       |       |       |       |    11 |    40 ||    51
       Fireball          |       |       |       |       |    43 |   133 ||   176
       Arcjolt           |       |       |       |       |     6 |     2 ||     8
       Vhi's Electric Ch |       |       |       |       |     2 |       ||     2
       Blink             |       |       |       |       |     2 |    15 ||    17
       Airstrike         |       |       |       |       |       |    49 ||    49
       Hailstorm         |       |       |       |       |       |     2 ||     2
Invok: Channel Magic     |       |       |       |     2 |    11 |    20 ||    33
Evoke: Condenser vane    |       |       |       |     1 |     2 |     2 ||     5
       Wand              |       |       |       |     4 |     9 |    10 ||    23
       Phantom mirror    |       |       |       |       |       |     2 ||     2
  Use: Scroll            |       |    12 |     8 |    15 |    10 |    13 ||    58
       Potion            |       |     3 |     2 |    10 |     4 |    13 ||    32
 Stab: Sleeping          |     2 |     5 |     1 |     1 |       |       ||     9
       Petrified         |       |       |       |       |     8 |       ||     8
Armor: Skin              |       |    13 |     9 |    37 |   137 |    38 ||   234
Dodge: Dodged            |    10 |    25 |    35 |   100 |   281 |    47 ||   498
Block: Kite shield       |       |       |       |       |       |    98 ||    98
       Other             |       |       |       |       |       |    10 ||    10
       Reflection        |       |       |       |       |       |    13 ||    13

Table legend: (Time is in decaauts)
 A = Elapsed time spent in this place.
 B = Non-inter-level travel time spent in this place.
 C = Inter-level travel time spent in this place.
 D = Time resting spent in this place.
 E = Time spent auto-exploring this place.
 F = Levels seen in this place.
 G = Mean time per level.
                   A        B        C        D        E       F      G
               +--------+--------+--------+--------+--------+-----+--------+
         Total |  40922 |  38930 |   1992 |   5944 |  24528 |  27 | 1515.6 |
       Dungeon |  14981 |  14359 |    622 |   1397 |   9686 |  11 | 1361.9 |
        Temple |     10 |     10 |      0 |      0 |      0 |   1 |   10.0 |
          Lair |   8257 |   7622 |    635 |    869 |   5332 |   5 | 1651.4 |
         Swamp |   5397 |   5242 |    155 |   1038 |   3240 |   4 | 1349.2 |
  Orcish Mines |   5574 |   5177 |    397 |   1246 |   2681 |   2 | 2787.0 |
   Elven Halls |   5578 |   5398 |    180 |    948 |   3225 |   3 | 1859.3 |
        Bailey |   1122 |   1122 |      0 |    446 |    364 |   1 | 1122.0 |
               +--------+--------+--------+--------+--------+-----+--------+

Top non-repeatable levels by time:
   Orc:2: 3441 daAuts
     D:9: 2364 daAuts
  Lair:2: 2307 daAuts
   Elf:2: 2204 daAuts
   Orc:1: 2132 daAuts
   Elf:1: 2100 daAuts
    D:11: 1921 daAuts
  Lair:5: 1853 daAuts
  Lair:3: 1768 daAuts
 Swamp:4: 1695 daAuts
 Swamp:2: 1645 daAuts
     D:8: 1551 daAuts
     D:7: 1481 daAuts
    D:10: 1439 daAuts
     D:6: 1368 daAuts
